Cogmind - Beta 13 @@@ ROGUE MODE // 2024.05.02 @ 01:44:21 Player: Badonion Result: Destroyed by G-67 Veteran with Plasma Rifle Performance ------------- Evolutions (4) 2000 Regions Visited (9) 1800 Robots Destroyed (137) 685 Value Destroyed (4538) 4538 Prototype IDs (15) 300 Alien Tech Used (0) 0 Bonus (0) 0 TOTAL SCORE: 9323 Bonus ------- High Alert Combat Kills 167 Follower Combat Kills 30 Friendly Fire -197 Cogmind --------- Core Integrity 0/850 Matter 56/300 Energy 99/100 System Corruption 33% Temperature Cool (37) Movement Core (50) Location -6/Extension Parts ------- > --- POWER (2) -------- (None) > --- PROPULSION (4) --- (None) > --- UTILITY (6) ------ (None) > --- WEAPON (3) ------- (None) > --- INVENTORY (5) ---- Light Nuclear Core Medium Storage Unit Compact Matter Pod (0) EM Disruption Field Dirty Datajack (14) Peak State ------------ > --- POWER ------------ Light Angular Momentum Engine Fission Core > --- PROPULSION ------- Armored Leg Armored Leg Armored Leg Armored Leg > --- UTILITY ---------- Medium Storage Unit Enhanced Optical Array Advanced Signal Interpreter Target Analyzer Improved Target Analyzer ECM Suite > --- WEAPON ----------- Proton Cannon Heavy Flak Cannon Rocket Array > --- INVENTORY -------- Light Nuclear Core Light Nuclear Core Carbon-fiber Leg Medium Storage Unit Compact Matter Pod EM Disruption Field Rainbow Chip Coil Gun Dirty Datajack [Rating: 69] Favorites ----------- Power Micro Nuclear Core Engine Ion Engine Power Core Micro Nuclear Core Propulsion Aluminum Leg Leg Aluminum Leg Utility Medium Storage Unit Device Improved Heat Sink Storage Medium Storage Unit Processor Advanced Targeting Computer Protection Improved Heavy Armor Plating Weapon Arc Projector Energy Gun Arc Projector Energy Cannon Proton Cannon Ballistic Gun Flak Gun Ballistic Cannon Flak Cannon Launcher Rocket Array Special Melee Weapon Dirty Datajack Build | -11 -10 -10 -10 -8 -7 -6 -6 -6 -6 ------- Run | Yrd Mat Min Sub Mat Fac Fac Was Fac Ext Slots Evolved 8 | . . . . 4 2 2 . . . Power 1 | . . . . . . 1 . . . Propulsion 2 | . . . . 1 1 . . . . Utility 4 | . . . . 3 . 1 . . . Weapon 1 | . . . . . 1 . . . . Parts Attached 134 | 6 3 5 9 35 18 36 4 18 . Power 15 | 1 . . 2 2 1 4 . 5 . Engine 7 | 1 . . 2 2 . 1 . 1 . Core 8 | . . . . . 1 3 . 4 . Reactor . | . . . . . . . . . . Propulsion 40 | 2 1 1 2 11 9 10 1 3 . Treads . | . . . . . . . . . . Leg 40 | 2 1 1 2 11 9 10 1 3 . Wheel . | . . . . . . . . . . Hover . | . . . . . . . . . . Flight . | . . . . . . . . . . Utility 28 | 1 2 1 . 9 1 9 . 5 . Device 14 | . 1 . . 6 1 4 . 2 . Storage 3 | 1 1 . . 1 . . . . . Processor 7 | . . 1 . 1 . 2 . 3 . Hackware . | . . . . . . . . . . Protection 4 | . . . . 1 . 3 . . . Artifact . | . . . . . . . . . . Weapon 51 | 2 . 3 5 13 7 13 3 5 . Energy Gun 13 | 1 . . . 4 3 5 . . . Energy Cannon 7 | . . . . . . 4 1 2 . Ballistic Gun 10 | 1 . 1 1 6 . 1 . . . Ballistic Cannon 11 | . . 1 2 1 3 1 . 3 . Launcher 8 | . . 1 2 2 1 1 1 . . Special Weapon . | . . . . . . . . . . Impact Weapon . | . . . . . . . . . . Slashing Weapon . | . . . . . . . . . . Piercing Weapon . | . . . . . . . . . . Special Melee Weapon 2 | . . . . . . 1 1 . . Unidentified Prototypes 5 | . . . . 2 . 1 1 1 . Parts Lost 51 | . 1 . 3 7 8 20 . 12 . Power 10 | . . . 2 1 1 4 . 2 . Propulsion 16 | . . . 1 5 1 5 . 4 . Utility 9 | . 1 . . . 1 4 . 3 . Weapon 16 | . . . . 1 5 7 . 3 . Highest Loss Streak 5 | . 1 . 2 4 2 5 . 5 . To Critical Strikes . | . . . . . . . . . . Average Slot Usage (%) 89 | . 96 99 95 91 96 80 66 86 . Engine 6 | . 14 14 9 7 3 1 . 1 . Core 2 | . . . . . 2 8 . 8 . Leg 25 | . 28 28 27 24 29 23 26 22 . Device 7 | . 10 . . 13 14 6 6 5 . Storage 9 | . 14 14 14 9 7 6 6 5 . Processor 13 | . . 13 14 18 15 11 6 22 . Energy Gun 6 | . 14 12 . 6 6 8 . . . Energy Cannon 1 | . . . . . . 3 5 5 . Ballistic Gun 7 | . 14 14 14 9 3 1 . . . Ballistic Cannon 4 | . . . 9 1 11 2 . 6 . Launcher 1 | . . . 4 . . 1 6 4 . Naked Turns 212 | . . . . . . . . 14 198 Heaviest Build 59 | 13 18 21 22 33 37 59 28 54 . Greatest Support 74 | 20 20 27 27 38 74 74 64 64 3 Greatest Overweight (x) 6 | . . . 2 6 . 1 . 1 . Average Overweight (x) . | . . . . . . . . . . Largest Inventory Capacity 10 | 8 10 10 10 10 10 10 10 10 5 Average Capacity 9 | 6 8 10 10 10 10 10 10 9 5 Most Carried 10 | 4 8 10 10 10 10 10 8 10 5 Average Carried 8 | 2 7 9 9 9 9 8 5 8 5 Final Capacity 10 | 8 10 10 10 10 10 10 10 5 5 Final Carried 10 | 4 8 10 10 10 8 9 5 5 5 Class Distribution -------------------- 53% | Mutant 22% | Gunner 11% | Scavenger-Mutant 5% | Tank 5% | Scavenger-Gunner Dominant Class ---------------- Mutant | -10/Materials Mutant | -10/Mines Mutant | -10/Subcaves Scavenger-Mutant | -8/Materials Gunner | -7/Factory Tank | -6/Factory Mutant | -6/Waste Gunner | -6/Factory Mutant | -6/Extension Resources | -11 -10 -10 -10 -8 -7 -6 -6 -6 -6 ----------- Run | Yrd Mat Min Sub Mat Fac Fac Was Fac Ext Matter Collected 3644 | 219 147 78 464 882 433 726 416 279 . Remotely . | . . . . . . . . . . Salvage Created 4933 | . 259 155 376 909 633 1148 869 584 . Parts 244 | . 16 12 32 49 38 51 . 46 . Haulers Intercepted 2 | . 1 . . . . . . 1 . Recyclers Shooed 5 | . . . . . 2 1 . 2 . Parts Field Recycled . | . . . . . . . . . . Retrieved Matter . | . . . . . . . . . . Parts Self-Destructed 14 | . . . 14 . . . . . . Prevented . | . . . . . . . . . . Kills | -11 -10 -10 -10 -8 -7 -6 -6 -6 -6 ------- Run | Yrd Mat Min Sub Mat Fac Fac Was Fac Ext Combat Hostiles Destroyed 114 | . 6 7 13 25 18 23 5 17 . Guns 59 | . 6 7 9 21 4 12 . . . Cannons 29 | . . . 2 1 14 7 . 5 . AOE 25 | . . . 2 3 . 3 5 12 . Classes Destroyed 15 | . 4 . 2 2 4 1 1 1 . Worker 6 | . . . . . 3 . . 3 . Builder 5 | . . . . . . . . 5 . Hauler 2 | . 1 . . . . . . 1 . Recycler 5 | . . . . 1 2 2 . . . Operator 2 | . . . . . 1 . . 1 . Watcher 2 | . 1 . . 1 . . . . . Swarmer 42 | . 3 5 3 8 6 10 . 7 . Grunt 36 | . 3 2 2 11 6 5 . 7 . Brawler 2 | . . . . . . 1 . 1 . Duelist 2 | . . . . 1 . 1 . . . Sentry 9 | . . . 1 5 1 2 . . . Hunter 3 | . . . . . 2 1 . . . Programmer 8 | . . . . . 3 3 . 2 . Compactor 5 | . . . . . . . 5 . . Subdweller 7 | . . . 7 . . . . . . Thug 1 | . . . . . . . 1 . . Best Kill Streak 10 | . 4 3 2 7 3 6 3 10 . Combat Bots Only 7 | . 4 3 2 6 3 6 3 7 . Max Kills in Single Turn 4 | . 1 2 1 3 3 2 2 4 . Gunslinging 1 | . . 1 . . . . . . . Exploded 4 | . . . 1 3 . 2 1 4 . Melee . | . . . . . . . . . . Uniques/NPCs Destroyed . | . . . . . . . . . . Combat | -11 -10 -10 -10 -8 -7 -6 -6 -6 -6 -------- Run | Yrd Mat Min Sub Mat Fac Fac Was Fac Ext Hostile Shots Fired 1070 | . 25 24 59 158 192 336 . 262 14 Missed 416 | . 10 12 23 44 76 127 . 115 9 Damage Taken 9610 | . 172 113 608 1679 1509 3219 15 2179 116 Core 1654 | . 32 . 157 296 300 182 . 571 116 Absorbed by Shields . | . . . . . . . . . . Ignored by Resistances 7 | . . . . . . 7 . . . Regen/Repaired (Parts) 136 | . . . . 136 . . . . . Core Remaining (%) 56 | 100 . . 24 46 57 . . . . Volleys Fired 348 | . 27 13 54 67 70 65 19 33 . Largest 3 | . 2 2 2 2 3 3 1 3 . Hottest 220 | . 60 65 67 110 147 220 45 196 . Shots Fired 636 | . 53 25 94 116 133 142 18 55 . Gun 405 | . 53 24 41 110 62 115 . . . Cannon 186 | . . . 38 3 70 26 . 49 . Launcher 45 | . . 1 15 3 1 1 18 6 . Special . | . . . . . . . . . . Kinetic 342 | . 27 12 79 84 92 22 . 26 . Thermal 153 | . 26 12 . 16 . 87 . 12 . Explosive 45 | . . 1 15 3 1 1 18 6 . Electromagnetic 96 | . . . . 13 40 32 . 11 . Robot Hit Streak 29 | . 9 8 17 23 11 29 18 8 . Robot Miss Streak 8 | . 4 3 2 8 8 4 4 7 . Penetration Max 1 | . . . . . . 1 . . . Secondary Targets 8 | . . 2 . 3 1 2 . . . Max Gunslinging Chain 1 | . . 1 . 1 1 1 . . . Shots Hit Robots 464 | . 33 18 53 93 102 105 18 42 . Core Hits 388 | . 14 9 20 94 96 48 23 84 . Critical Kills . | . . . . . . . . . . Critical Parts Destroyed . | . . . . . . . . . . Critical Strikes 8 | . . . 1 1 1 5 . . . Burn 4 | . . . . . . 4 . . . Blast 4 | . . . 1 1 1 1 . . . Melee Attacks 6 | . . . . . . 6 . . . Impact . | . . . . . . . . . . Slashing . | . . . . . . . . . . Piercing 6 | . . . . . . 6 . . . Sneak Attacks . | . . . . . . . . . . Combat Hostiles . | . . . . . . . . . . Follow-up Attacks . | . . . . . . . . . . Damage Inflicted 16276 | . 395 254 1163 1788 1847 2535 5375 2919 . Guns 5093 | . 395 254 536 1541 577 1790 . . . Cannons 3322 | . . . 307 75 1248 549 . 1143 . Explosions 7849 | . . . 320 172 22 184 5375 1776 . Melee 12 | . . . . . . 12 . . . Ramming . | . . . . . . . . . . Kinetic 5149 | . 228 158 843 1302 1648 362 . 608 . Thermal 3018 | . 167 96 . 224 . 1644 . 887 . Explosive 7336 | . . . 320 172 22 184 5375 1263 . Electromagnetic 761 | . . . . 90 177 333 . 161 . Impact . | . . . . . . . . . . Slashing . | . . . . . . . . . . Piercing 12 | . . . . . . 12 . . . Highest Corruption 33 | . . . . . 2 15 27 33 33 Average Corruption 17 | . . . . . 1 8 22 31 33 Corruption Purged . | . . . . . . . . . . Corruption Blocked . | . . . . . . . . . . Effects 115 | . . . . . 1 41 10 52 11 Message Errors 22 | . . . . . . 10 . 11 1 Matter Fused 24 | . . . . . 1 9 1 9 4 Heat Flow Errors 7 | . . . . . . 3 . 2 2 Energy Discharges 11 | . . . . . . 3 2 6 . Parts Rejected 3 | . . . . . . . 1 2 . Parts Fused 1 | . . . . . . . . 1 . Data Loss (minor) 16 | . . . . . . 5 3 8 . Data Loss (major) 7 | . . . . . . 3 1 2 1 Misfires 4 | . . . . . . 1 . 3 . Alerts 1 | . . . . . . 1 . . . Misdirections 11 | . . . . . . 5 1 2 3 Weapon Failures 8 | . . . . . . 1 1 6 . Overload Shots 28 | . . . . . . 16 . 12 . Effects 2 | . . . . . . 1 . 1 . Energy Bleed 1 | . . . . . . . . 1 . Heat Surge 1 | . . . . . . 1 . . . Overflow Damage 243 | . . . 17 22 14 . . 190 . Projectiles 28 | . . . . . 14 . . 14 . Explosions 215 | . . . 17 22 . . . 176 . Melee . | . . . . . . . . . . Knockbacks 64 | . . . 3 . 42 . . 19 . Impact . | . . . . . . . . . . Kinetic 61 | . . . 3 . 41 . . 17 . Secondary 3 | . . . . . 1 . . 2 . Self-Inflicted Damage 271 | . . . 77 114 . . 15 65 . Shots 8 | . . . 2 1 . . 1 4 . Rammed . | . . . . . . . . . . Targets Rammed . | . . . . . . . . . . Kicked . | . . . . . . . . . . Crushed . | . . . . . . . . . . Highest Temperature 454 | . 36 71 5 82 105 454 . 305 253 Average Temperature 86 | . 21 29 5 29 44 122 . 103 124 Received Heat Transfer 2699 | . 69 24 102 675 330 616 . 819 64 Effects 4 | . . . . . . 4 . . . Shutdowns 2 | . . . . . . 2 . . . Energy Bleed 1 | . . . . . . 1 . . . Short Circuit 1 | . . . . . . 1 . . . Siege Activations . | . . . . . . . . . . Robots Corrupted . | . . . . . . . . . . Combat Hostiles . | . . . . . . . . . . Parts Fried 2 | . . . . . . 1 . 1 . Impact Corruptions . | . . . . . . . . . . Robots Melted 2 | . . . . . . 2 . . . Combat Hostiles 1 | . . . . . . 1 . . . Parts Melted 12 | . . 1 . . . 11 . . . Heat Transferred 4807 | . 375 225 . 444 . 3113 . 650 . Parts Sabotaged . | . . . . . . . . . . Parts Stolen . | . . . . . . . . . . Parts Stripped . | . . . . . . . . . . Power Chain Reactions . | . . . . . . . . . . Alert | -11 -10 -10 -10 -8 -7 -6 -6 -6 -6 ------- Run | Yrd Mat Min Sub Mat Fac Fac Was Fac Ext Peak Influence 596 | . 164 121 . 431 312 483 216 596 265 Initial 210 | . . 1 . . 196 110 140 151 210 Average 191 | . 38 53 . 218 164 307 195 322 227 Maximum Alert Level 2 | . . . . 2 1 2 1 2 1 Low Security (%) 58 | 100 100 100 . 39 71 31 43 27 . Level 1 29 | . . . . 56 28 30 56 38 100 Level 2 12 | . . . . 3 . 38 . 33 . Level 3 . | . . . . . . . . . . Level 4 . | . . . . . . . . . . Level 5 . | . . . . . . . . . . High Security . | . . . . . . . . . . Max Security . | . . . . . . . . . . Squads Dispatched 23 | . 1 . . 3 6 8 . 4 1 Investigation . | . . . . . . . . . . Extermination 7 | . . . . . 3 4 . . . Reinforcement 11 | . 1 . . 2 1 3 . 3 1 Assault 2 | . . . . . . 1 . 1 . Garrison 3 | . . . . 1 2 . . . . Intercept . | . . . . . . . . . . Searches Triggered . | . . . . . . . . . . Construction Impeded 1 | . . . . . . . . 1 . Haulers Reinforced 1 | . . . . . . . . 1 . Active Scanning Responses . | . . . . . . . . . . Cargo Convoy Interrupts . | . . . . . . . . . . Stealth | -11 -10 -10 -10 -8 -7 -6 -6 -6 -6 --------- Run | Yrd Mat Min Sub Mat Fac Fac Was Fac Ext Distress Signals 14 | . . . . 2 3 4 . 1 4 Communications Jammed . | . . . . . . . . . . Distress Signals . | . . . . . . . . . . Times Spotted 230 | . 14 8 16 38 34 55 6 47 12 Peak Tracking Total 11 | . 4 3 3 10 6 8 3 11 10 Tactical Retreats 21 | . 3 . 1 2 1 8 . 6 . Traps | -11 -10 -10 -10 -8 -7 -6 -6 -6 -6 ------- Run | Yrd Mat Min Sub Mat Fac Fac Was Fac Ext Traps Triggered 10 | . . . 1 . 2 6 . 1 . Indirectly . | . . . . . . . . . . Trap Hack Attempts . | . . . . . . . . . . Triggered . | . . . . . . . . . . Disarmed . | . . . . . . . . . . Reprogrammed . | . . . . . . . . . . Reused . | . . . . . . . . . . Traps Extracted . | . . . . . . . . . . Installed . | . . . . . . . . . . Triggered . | . . . . . . . . . . Machines | -11 -10 -10 -10 -8 -7 -6 -6 -6 -6 ---------- Run | Yrd Mat Min Sub Mat Fac Fac Was Fac Ext Machines Disabled 9 | . . . 1 1 . 4 . 3 . Max in Single Turn 3 | . . . 1 1 . 1 . 3 . Garrison Access 1 | . . . . 1 . . . . . Machines Repaired . | . . . . . . . . . . Machines Dismantled . | . . . . . . . . . . Machines Sabotaged . | . . . . . . . . . . Overloaded Fab Kills . | . . . . . . . . . . Hacking | -11 -10 -10 -10 -8 -7 -6 -6 -6 -6 --------- Run | Yrd Mat Min Sub Mat Fac Fac Was Fac Ext Machines Accessed 22 | . 7 3 1 3 2 4 . 1 1 Terminals 16 | . 7 1 . 1 2 3 . 1 1 Fabricators . | . . . . . . . . . . Repair Stations 1 | . . . . 1 . . . . . Recycling Units . | . . . . . . . . . . Scanalyzers 1 | . . . . . . 1 . . . Garrison Access 1 | . . . . 1 . . . . . Total Hacks 56 | . 12 4 9 11 6 12 . 1 1 Successful 34 | . 4 3 9 8 1 8 . . 1 Failed 22 | . 8 1 . 3 5 4 . 1 . Catastrophic 4 | . 1 . . 1 . 1 . 1 . Database Lockouts . | . . . . . . . . . . Manual 29 | . 12 2 . 3 6 5 . 1 . Terminals 31 | . 12 2 . 4 6 5 . 1 1 Fabricators . | . . . . . . . . . . Repair Stations 5 | . . . . 5 . . . . . Recycling Units . | . . . . . . . . . . Scanalyzers 7 | . . . . . . 7 . . . Garrison Access 2 | . . . . 2 . . . . . Terminal Hacks 19 | . 2 3 9 2 1 1 . . 1 Record 8 | . . . 8 . . . . . . Open Door 3 | . . 2 . . . . . . 1 Terminal Index 5 | . 1 1 . 1 1 1 . . . Unreport Threat 1 | . 1 . . . . . . . . Hauler Manifests 1 | . . . . 1 . . . . . Derelict Proto ID Bank 1 | . . . 1 . . . . . . Fabricator Hacks . | . . . . . . . . . . Repair Station Hacks 4 | . . . . 4 . . . . . Scan Component 2 | . . . . 2 . . . . . Repair 2 | . . . . 2 . . . . . Recycling Unit Hacks . | . . . . . . . . . . Scanalyzer 6 | . . . . . . 6 . . . Insert Component 3 | . . . . . . 3 . . . Analyze 3 | . . . . . . 3 . . . Garrison Access Hacks 1 | . . . . 1 . . . . . Seal Access 1 | . . . . 1 . . . . . Unauthorized Hacks 4 | . 2 . . 1 . 1 . . . Terminals 4 | . 2 . . 1 . 1 . . . Botnet 4 | . 2 . . 1 . 1 . . . Fabricators . | . . . . . . . . . . Repair Stations . | . . . . . . . . . . Recycling Units . | . . . . . . . . . . Scanalyzers . | . . . . . . . . . . Garrison Access . | . . . . . . . . . . Data Cores Recovered 1 | . . . . . 1 . . . . Used 1 | . . . . . 1 . . . . Hacking Detections 14 | . 6 . . 3 2 2 . 1 . Full Trace Events . | . . . . . . . . . . Feedback Events . | . . . . . . . . . . Feedback Blocked . | . . . . . . . . . . Robot Schematics Acquired . | . . . . . . . . . . Robots Built . | . . . . . . . . . . Authchips . | . . . . . . . . . . Time . | . . . . . . . . . . Total Robot Build Rating . | . . . . . . . . . . Part Schematics Acquired 3 | . . . . . . 3 . . . Parts Built . | . . . . . . . . . . Authchips . | . . . . . . . . . . Time . | . . . . . . . . . . Total Part Build Rating . | . . . . . . . . . . Parts Repaired 2 | . . . . 2 . . . . . Time 52 | . . . . 52 . . . . . Parts Recycled . | . . . . . . . . . . Recycled Matter . | . . . . . . . . . . Retrieved Matter . | . . . . . . . . . . Retrieved Components . | . . . . . . . . . . Parts Scanalyzed 3 | . . . . . . 3 . . . Part Schematics Acquired 3 | . . . . . . 3 . . . Parts Damaged . | . . . . . . . . . . Bothacking | -11 -10 -10 -10 -8 -7 -6 -6 -6 -6 ------------ Run | Yrd Mat Min Sub Mat Fac Fac Was Fac Ext Used RIF Installer . | . . . . . . . . . . Robots Hacked . | . . . . . . . . . . Non-combat . | . . . . . . . . . . Combat . | . . . . . . . . . . Robot Hacks Applied . | . . . . . . . . . . Relay Couplers Released 4 | . . . . . . . . 4 . Programmers 4 | . . . . . . . . 4 . Fabnet Peak Effective % . | . . . . . . . . . . Robots Rewired . | . . . . . . . . . . Allies Hacked . | . . . . . . . . . . Hacks Repelled . | . . . . . . . . . . Allies | -11 -10 -10 -10 -8 -7 -6 -6 -6 -6 -------- Run | Yrd Mat Min Sub Mat Fac Fac Was Fac Ext Total Allies 2 | . . . . . . . 1 . 1 Largest Group 1 | . . . . . . . 1 . 1 Highest-Rated Group 31 | . . . . . . . 31 . 31 Highest-Rated Ally 31 | . . . . . . . 31 . 31 Total Orders 3 | . . . . 1 . 2 . . . RETURN 3 | . . . . 1 . 2 . . . Ally Attacks 27 | . . . . . . . 18 . 9 Total Damage 417 | . . . . . . . 310 . 107 Kills 1 | . . . . . . . 1 . . Allies Corrupted . | . . . . . . . . . . Allies Melted . | . . . . . . . . . . Intel | -11 -10 -10 -10 -8 -7 -6 -6 -6 -6 ------- Run | Yrd Mat Min Sub Mat Fac Fac Was Fac Ext Robot Analysis Total . | . . . . . . . . . . Derelict Logs Recovered 3 | . . 3 . . . . . . . Drone Launches 5 | . . . . 1 . 4 . . . Drone Recoveries 3 | . . . . 1 . 2 . . . Exploration | -11 -10 -10 -10 -8 -7 -6 -6 -6 -6 ------------- Run | Yrd Mat Min Sub Mat Fac Fac Was Fac Ext Turns Passed 9483 | 62 977 991 1714 1170 1644 1699 203 825 198 Spaces Moved 6185 | 45 664 741 1221 604 901 1084 119 551 255 Core 299 | 11 . . . 4 . . . 29 255 Treads . | . . . . . . . . . . Legs 5886 | 34 664 741 1221 600 901 1084 119 522 . Wheels . | . . . . . . . . . . Hover . | . . . . . . . . . . Flight . | . . . . . . . . . . Fastest Speed 50 | 50 120 120 120 120 120 120 120 50 50 Average Speed 121 | 102 120 124 126 132 124 123 120 124 50 Slowest Speed 350 | 120 120 125 260 350 126 200 120 190 50 Overloaded Moves . | . . . . . . . . . . Propulsion Burnouts . | . . . . . . . . . . Robots Hopped . | . . . . . . . . . . Cave-ins Triggered . | . . . . . . . . . . Exploration Rate (%) 51 | 4 86 100 68 41 31 38 86 27 30 Regions Visited 9 Branch Regions 3 Pre-discovered Areas 2 | . . 1 1 . . . . . . Known Exits Taken 1 | . . . . 1 . . . . . Unknown Exits Taken 6 | 1 1 1 1 . 1 . . 1 . Scrap Searched 8 | . . 1 7 . . . . . . Spaces Dug 13 | . . 6 . 7 . . . . . Terrain Destroyed 595 | . . 6 114 56 12 18 253 136 . Melee . | . . . . . . . . . . Projectile 22 | . . . . . 7 10 . 5 . AOE 573 | . . 6 114 56 5 8 253 131 . Terrain Rammed . | . . . . . . . . . . Walls Destroyed . | . . . . . . . . . . Machines Disabled . | . . . . . . . . . . Actions | -11 -10 -10 -10 -8 -7 -6 -6 -6 -6 --------- Run | Yrd Mat Min Sub Mat Fac Fac Was Fac Ext Total 7522 | 60 793 786 1306 859 1309 1320 141 623 325 Wait 701 | . 84 17 14 117 302 94 . 3 70 Move 6177 | 44 663 740 1220 603 900 1084 118 550 255 Hop . | . . . . . . . . . . Pick Up 94 | 10 10 6 4 20 7 24 . 13 . Fast Attach 18 | . 1 . 1 6 4 2 . 4 . Attach 66 | 6 1 1 2 17 6 21 4 8 . Detach 5 | . . . . 3 . 2 . . . Swap 50 | . 1 4 6 12 8 13 . 6 . Drop 54 | . 6 5 5 14 9 9 . 6 . Fire 348 | . 27 13 54 67 70 65 19 33 . Melee 6 | . . . . . . 6 . . . Ram . | . . . . . . . . . . Kick . | . . . . . . . . . . Crush . | . . . . . . . . . . Escape Stasis . | . . . . . . . . . . Rewire 3 | . . . . . 3 . . . . Trap . | . . . . . . . . . . Miscellaneous . | . . . . . . . . . . Route ------- -11/Scrapyard -10/Materials (discovered 5 exits: [*Mat x3] / *Min x2) -10/Mines (discovered 3 exits: [*Mat x2] / *Sub) -10/Subcaves (discovered 2 exits: *Mat x2) -8/Materials (discovered 2 exits: *Fac x2) -7/Factory -6/Factory -6/Waste -6/Factory -6/Extension History --------- Turn | Location | Event 6 | -11/Scrapyard | Discovered new exit (range 16) 63 | -11/Scrapyard | Entered Materials 301 | -10/Materials | Discovered new exit (range 8) 315 | -10/Materials | Build established: Mutant 491 | -10/Materials | Discovered new exit (range 14) 563 | -10/Materials | Derelicts attacked the area 644 | -10/Materials | Discovered new exit (range 12) 734 | -10/Materials | Discovered new exit (range 14) 931 | -10/Materials | Discovered new exit (range 14) 1040 | -10/Materials | Entered Mines 1071 | -10/Mines | Met a Derelict bent on vengeance 1075 | -10/Mines | Learned Materials interactive machine intel 1081 | -10/Mines | Learned Materials stockpile data 1087 | -10/Mines | Met a Derelict who couldn't figure out how to use a Trap Extractor 1155 | -10/Mines | Discovered new exit (range 6) 1162 | -10/Mines | Received a Rocket Launcher from a helpful Derelict 1202 | -10/Mines | Learned location of 1 exit from Materials 1467 | -10/Mines | Found the Drone Emporium 1478 | -10/Mines | Found Prototype Device 1498 | -10/Mines | Discovered new exit (range 5) 1801 | -10/Mines | Learned location of Storage (-7) 2018 | -10/Mines | Discovered new exit (range 9) 2031 | -10/Mines | Entered Subcaves 2033 | -10/Subcaves | Learned location of Zion (-6) 2033 | -10/Subcaves | Met a Zionite searching for "candidates" 2581 | -10/Subcaves | Disturbed a concealed Subdweller 2686 | -10/Subcaves | Shifting Twisted Machinery released Sub. Machine Gun 2691 | -10/Subcaves | Shifting Twisted Machinery released Sub. Beam Cannon 2773 | -10/Subcaves | Shifting Twisted Machinery released Barrage Gun 2790 | -10/Subcaves | Discovered new exit (range 10) 2846 | -10/Subcaves | A swath of the cavern ceiling suddenly collapsed 3149 | -10/Subcaves | A swath of the cavern ceiling suddenly collapsed 3158 | -10/Subcaves | Core integrity fell below 50% 3274 | -10/Subcaves | Discovered new exit (range 4) 3436 | -10/Subcaves | Visited 4L-MR0's lab 3446 | -10/Subcaves | Found Rainbow Chip 3712 | -10/Subcaves | Disturbed a concealed Subdweller 3745 | -10/Subcaves | Entered Materials 3745 | -8/Materials | Evolved 4 slots: Propulsion x1, Utility x3 3746 | -8/Materials | Identified exit to Factory 3748 | -8/Materials | Loaded intel: 18 interactive machine locations 3935 | -8/Materials | Lost 3 parts (2n1w) 3964 | -8/Materials | Identified Decoy Drone Bay 4136 | -8/Materials | Garrison activated, responded to threat 4276 | -8/Materials | Build established: Scavenger-Mutant 4341 | -8/Materials | Lost 4 parts (1p3n) 4530 | -8/Materials | Discovered exit to Factory (range 16) 4567 | -8/Materials | Repaired Aluminum Leg 4595 | -8/Materials | Repaired Aluminum Leg 4811 | -8/Materials | Core integrity fell below 50% 4915 | -8/Materials | Entered Factory 4915 | -7/Factory | Evolved 2 slots: Propulsion x1, Weapon x1 5590 | -7/Factory | Build established: Gunner 6420 | -7/Factory | Garrison activated, responded to threat 6500 | -7/Factory | Discovered new exit (range 15) 6559 | -7/Factory | Entered another Factory area 6559 | -6/Factory | Evolved 2 slots: Power x1, Utility x1 7231 | -6/Factory | System corruption reached 10% 7261 | -6/Factory | Lost 4 parts (1n2u1w) 7314 | -6/Factory | Lost 4 parts (2n2w) 7362 | -6/Factory | Lost 4 parts (2p1n1w) 7729 | -6/Factory | Found Prototype Launcher 7907 | -6/Factory | Build established: Tank 7959 | -6/Factory | First assault squad dispatched 8234 | -6/Factory | Lost 5 parts (2p1n2w) 8258 | -6/Factory | Sucked down chute 8258 | -6/Factory | Entered Waste 8259 | -6/Waste | Met a frightened Derelict 8259 | -6/Waste | Identified Rocket Array 8270 | -6/Waste | Spotted C-40 Crusher 8273 | -6/Waste | EMP discharged 8276 | -6/Waste | Spotted C-40 Crusher 8286 | -6/Waste | Allies destroyed C-40 Crusher 8291 | -6/Waste | Destroyed C-40 Crusher 8308 | -6/Waste | Spotted C-40 Crusher 8309 | -6/Waste | Spotted C-40 Crusher 8317 | -6/Waste | Spotted C-40 Crusher 8317 | -6/Waste | Destroyed C-40 Crusher 8328 | -6/Waste | Destroyed C-40 Crusher 8331 | -6/Waste | Destroyed C-40 Crusher 8343 | -6/Waste | Spotted C-40 Crusher 8373 | -6/Waste | EMP discharged 8374 | -6/Waste | Destroyed C-40 Crusher 8396 | -6/Waste | Build established: Mutant 8447 | -6/Waste | Discovered new exit (range 12) 8460 | -6/Waste | Identified exit to Factory 8461 | -6/Waste | Entered Factory 8609 | -6/Factory | System corruption reached 30% 8914 | -6/Factory | Build established: Gunner 9048 | -6/Factory | Destroyed 7 combat bots 9161 | -6/Factory | First assault squad dispatched 9199 | -6/Factory | Lost 5 parts (2n2u1w) 9251 | -6/Factory | Spotted B-75 Beast 9272 | -6/Factory | Released all parts (6) 9274 | -6/Factory | Core integrity fell below 50% 9279 | -6/Factory | Discovered new exit (range 15) 9282 | -6/Factory | Core integrity fell below 20% 9286 | -6/Factory | Entered Extension 9302 | -6/Extension | Lost 3 parts (1p1n1w) 9310 | -6/Extension | Rescued a captive Derelict 9439 | -6/Extension | Build established: Mutant 9462 | -6/Extension | Spotted B-75 Beast 9484 | -6/Extension | Destroyed by G-67 Veteran with Plasma Rifle Last Messages --------------- 09305_ System corrupted: Substantial component data lost. 09309_ Connecting with Door Terminal... 09309_ Current location identified: Extension >>Open(Door) Sealed Heavy Doors opened. 09310_ HF-VWK(g): "Thanks for the rescue! Were you sent by Warlord?" 09328_ YQ<: